 Dungeon Crawl Stone Soup version 0.13.0-3-g966e3ec (webtiles) character file.

4433 Lilouch the Basher (level 10, -3/57 HPs)
             Began as a Gargoyle Fighter on Oct 13, 2013.
             Was a Priest of Okawaru.
             Killed from afar by a lava snake (20 damage)
             ... with a glob of lava
             ... on Level 9 of the Dungeon.
             The game lasted 01:02:54 (9042 turns).

Lilouch the Basher (Gargoyle Fighter)               Turns: 9042, Time: 01:02:54

HP  -3/57        AC 11     Str 23      XL: 10   Next: 21%
MP   9/9         EV 11     Int  9      God: Okawaru [***...]
Gold 483         SH 22     Dex  9      Spells:  2 memorised,  4 levels left

Res.Fire  : . . .   See Invis. : .   Q - +0,+2 orc morningstar
Res.Cold  : . . .   Warding    : .   (no armour)
Life Prot.: + . .   Conserve   : .   c - +0 shield
Res.Poison: +       Res.Corr.  : .   (no helmet)
Res.Elec. : +       Clarity    : .   N - +0 cloak
Sust.Abil.: . .     Spirit.Shd : .   b - +0 pair of gloves
Res.Mut.  : .       Stasis     : .   Y - +0 pair of boots (curse)
Res.Rott. : +       Flight     : .   (no amulet)
Saprovore : . . .                    (no ring)
                                     D - +1 ring of evasion

@: very slightly contaminated, somewhat resistant to hostile enchantments, very
unstealthy
A: fangs 1, talons 2, life protection 1, electricity resistance, slow metabolism
1, unbreathing, petrification resistance, AC +7
a: Heroism, Renounce Religion


You were on level 9 of the Dungeon.
You worshipped Okawaru.
Okawaru was most pleased with you.
You were hungry.

You visited 2 branches of the dungeon, and saw 10 of its levels.
You also visited: Sewer.

You collected 463 gold pieces.

Inventory:

Hand weapons
 a - the +9,+12 hand axe of Calej {flame, Str+2 Int+4}
   (You found it on level 8 of the Dungeon)

   It emits flame when wielded, causing extra injury to most foes and up to
   double damage against particularly susceptible opponents.
   Big, fiery blades are also staple armaments of hydra-hunters.
   It affects your strength (+2).
   It affects your intelligence (+4).
 B - a cursed -1,-3 spear
 E - a +0 blowgun
 Q - a +0,+2 orcish morningstar (weapon)
Missiles
 f - 10 exploding darts (quivered)
 l - 91 stones
 s - 103 poisoned needles
 Z - 3 needles of sleeping
Armour
 b - a +0 pair of gloves (worn)
 c - a +0 shield (worn)
 J - a +0 orcish plate armour
 N - a +0 cloak (worn)
 Y - a cursed +0 pair of boots (worn)
Magical devices
 y - a wand of slowing (15) {unknown}
 A - a wand of confusion (10) {unknown}
 I - a wand of frost (10)
Comestibles
 d - 6 bread rations
 C - a royal jelly
 K - 2 apples
 L - 5 meat rations
 V - a pear
Scrolls
 e - 5 scrolls of teleportation
 i - 3 scrolls of magic mapping {unknown}
 j - 2 scrolls of enchant armour {unknown}
 k - 6 scrolls of remove curse
 n - 7 scrolls of identify
 p - 3 scrolls of blinking
 q - a scroll of curse weapon
 v - a scroll of enchant weapon I {unknown}
 F - a scroll of noise {unknown}
 H - a scroll of fear {unknown}
 M - a scroll of random uselessness
 R - a scroll of recharging {unknown}
Jewellery
 D - a +1 ring of evasion (left hand)
Potions
 g - 6 potions of heal wounds
 h - 3 potions of restore abilities {unknown}
 m - 5 potions of curing {unknown}
 o - a potion of slowing {unknown}
 r - 2 potions of degeneration {unknown}
 t - a potion of invisibility {unknown}
 u - 4 potions of might {unknown}
 x - a potion of mutation {unknown}
 z - 2 potions of cure mutation {unknown}
 G - 2 potions of agility {unknown}
 O - 2 potions of beneficial mutation {unknown}
 P - 4 potions of flight
 X - a potion of paralysis {unknown}
Books
 S - a book of Minor Magic

   Spells                             Type                      Level
   Magic Dart                         Conjuration                  1
   *Blink                             Translocation                2
   Call Imp                           Summoning                    2
   Repel Missiles                     Charms/Air                   2
   Slow                               Hexes                        2
   Conjure Flame                      Conjuration/Fire             3
   *Mephitic Cloud                    Conjuration/Poison/Air       3
 T - a book of Clouds

   Spells                             Type                      Level
   *Mephitic Cloud                    Conjuration/Poison/Air       3
   Conjure Flame                      Conjuration/Fire             3
   Poisonous Cloud                    Conjuration/Poison/Air       6
   Freezing Cloud                     Conjuration/Ice/Air          6
   Ring of Flames                     Charms/Fire                  7
 W - a book of Power

   Spells                             Type                      Level
   Iskenderun's Mystic Blast          Conjuration                  4
   Venom Bolt                         Conjuration/Poison           5
   Bolt of Magma                      Conjuration/Fire/Earth       5
   Fulminant Prism                    Conjuration/Hexes            5
   Iron Shot                          Conjuration/Earth            6
   Orb of Destruction                 Conjuration                  7


   Skills:
 - Level 3.2 Fighting
 * Level 11.4 Maces & Flails
 + Level 8.5 Armour
 + Level 8.4 Shields


You had 4 spell levels left.
You knew the following spells:

 Your Spells              Type           Power        Failure   Level  Hunger
a - Mephitic Cloud        Conj/Pois/Air  #.......     99%         3    ####...
b - Blink                 Tloc           N/A          87%         2    ###....


Dungeon Overview and Level Annotations

Branches:
Dungeon (9/27)             Temple (1/1) D:5             Orc (0/4) D:8
   Lair: D:8-13

Altars:
Ashenzari
Elyvilon
Fedhas
Kikubaaqudgha
Makhleb
Nemelex Xobeh
Okawaru
Sif Muna
Trog
Vehumet
Xom
Yredelemnul
Zin
the Shining One

Shops:
D:5 *   D:9 =


Innate Abilities, Weirdness & Mutations

You are resistant to torment.
You are immune to poison.
Your stone body is very resilient (AC +7).
You have very sharp teeth.
You have razor-sharp toenails.
You resist negative energy.
You are resistant to electric shocks.
You have a slow metabolism.
You can survive without breathing.
You are immune to petrification.


Message History

A lava snake comes into view.
The lava snake hisses angrily.
The lava snake spits lava!
The glob of lava hits you!
Found a scroll labeled TWUMME SKONE.
Found an escape hatch in the floor.
A lava snake comes into view.
The lava snake hisses angrily.
The lava snake spits lava!
The glob of lava misses you.
Found a scroll of identify and a scroll of remove curse.
The lava snake spits lava!
The glob of lava hits you!
One of your 7 scrolls of remove curse catches fire!
Your scroll of curse jewellery catches fire!
Ouch! That really hurt!
* * * LOW HITPOINT WARNING * * *
Drink which item? (? for menu, Esc to quit)
You feel much better.
It was a potion of heal wounds.
The lava snake spits lava!
The glob of lava hits you!
* * * LOW HITPOINT WARNING * * *
The lava snake spits lava!
The glob of lava hits you!
One of your 8 scrolls of identify catches fire!
You die...

.........#.# ...
≈≈≈.........# ### ...
§≈≈≈≈......#.###.## ...
≈§??>≈≈.....#.# ...###...
≈≈≈..≈≈≈....#.# #.##.#...
≈≈≈≈≈[S.....#.###.#......
...≈≈≈SS.........∩........
...?..................)...
.........@................
.......?.................
.........................
.........................
........................
.......................
.............)........
............<........
....................


You could see 3 lava snakes.

Vanquished Creatures
  The ghost of Besmertnik the Nimble, an experienced KoBe of Trog (D:8)
  A hungry ghost (D:8)
  A necrophage (D:7)
  The ghost of Deemzul the Firebug, an average OpFE of Ashenzari (D:5)
  The ghost of JacquesDerrida the Gusty, an average HEAE (D:4)
  An orc warrior (D:6)
  2 ice beasts
  A phantom (D:4)
  2 sky beasts
  2 centaurs
  4 ogres
  2 giant frogs
  A big kobold (Sewer)
  A crocodile (D:6)
  2 yak zombies
  4 killer bees (D:7)
  A goliath beetle (D:6)
  6 crimson imps
  5 orc priests
  A giant frog skeleton (D:6)
  4 orc wizards
  A big fish (Sewer)
  An iguana (D:4)
  4 scorpions
  2 worker ants
  Terence (D:2)
  A green rat (Sewer)
  15 gnolls
  A human (D:6)
  2 giant mites (D:6)
  7 adders
  An inept feature mimic (Temple)
  2 worms
  An iguana zombie (D:7)
  3 grey rats
  28 orcs
  10 giant cockroaches
  11 goblins
  8 hobgoblins
  11 jackals
  4 quokkas
  3 ball pythons
  A ball python skeleton (D:5)
  16 bats
  3 giant geckos
  A giant newt (D:1)
  A hobgoblin skeleton (D:4)
  A hobgoblin zombie (D:6)
  16 kobolds
  2 kobold zombies (D:6)
  13 rats
  A ballistomycete (D:7)
  A fungus (D:7)
217 creatures vanquished.

Vanquished Creatures (others)
  A giant spore (D:7)
  A rat (D:4)
2 creatures vanquished.

Grand Total: 219 creatures vanquished

Notes
Turn   | Place    | Note
--------------------------------------------------------------
     0 | D:1      | Lilouch, the Gargoyle Fighter, began the quest for the Orb.
     0 | D:1      | Reached XP level 1. HP: 14/14 MP: 0/0
   240 | D:1      | Reached XP level 2. HP: 17/19 MP: 1/1
   596 | D:2      | Noticed Terence
   611 | D:2      | Killed Terence
   611 | D:2      | Reached XP level 3. HP: 21/24 MP: 2/2
   854 | D:2      | Reached XP level 4. HP: 22/28 MP: 3/3
  1165 | D:2      | Found a glowing golden altar of the Shining One.
  1430 | D:3      | Reached skill level 4 in Maces & Flails
  1572 | D:3      | Reached XP level 5. HP: 24/33 MP: 4/4
  1692 | D:3      | Noticed an ice beast
  1708 | D:3      | Killed an ice beast
  1708 | D:3      | Reached skill level 5 in Maces & Flails
  1708 | D:3      | Reached XP level 6. HP: 19/38 MP: 5/5
  2095 | D:3      | Found a shimmering altar of Xom.
  2536 | D:4      | Noticed JacquesDerrida's ghost (average HEAE)
  2693 | D:3      | Reached skill level 5 in Armour
  2955 | D:4      | Reached XP level 7. HP: 33/42 MP: 6/6
  2965 | D:4      | HP: 2/42 [it/puff of flame (14)]
  2967 | D:4      | Reached skill level 5 in Shields
  3434 | D:4      | Reached skill level 6 in Maces & Flails
  3547 | D:4      | Killed JacquesDerrida's ghost
  3776 | D:4      | Reached skill level 7 in Maces & Flails
  4449 | D:5      | Entered Level 5 of the Dungeon
  4472 | D:5      | Reached XP level 8. HP: 48/48 MP: 7/7
  4491 | D:5      | Found a staircase to the Ecumenical Temple.
  4505 | Temple   | Entered the Ecumenical Temple
  4530 | Temple   | Became a worshipper of Warmaster Okawaru
  4785 | D:5      | Noticed Deemzul's ghost (average OpFE)
  4799 | D:5      | Killed Deemzul's ghost
  4825 | D:5      | Found Blebeziv's Hardware Store.
  5220 | D:6      | Found a basalt altar of Yredelemnul.
  5291 | D:6      | Reached skill level 8 in Maces & Flails
  5476 | D:6      | Found a glowing drain.
  5548 | Sewer    | Entered a sewer
  5604 | Sewer    | Acquired Okawaru's first power
  5695 | Sewer    | Found a white marble altar of Elyvilon.
  5947 | D:6      | Reached skill level 9 in Maces & Flails
  5951 | D:6      | Reached XP level 9. HP: 48/52 MP: 8/8
  6136 | D:6      | Found a bloodstained altar of Trog.
  6136 | D:6      | Found an ancient bone altar of Kikubaaqudgha.
  6775 | D:7      | Reached skill level 10 in Maces & Flails
  7577 | D:7      | Found a burning altar of Makhleb.
  7580 | D:7      | Found a glowing silver altar of Zin.
  7581 | D:7      | Noticed a blizzard demon
  7581 | D:7      | Noticed an angel
  7923 | D:8      | Learned a level 3 spell: Mephitic Cloud
  7962 | D:8      | Found a white marble altar of Elyvilon.
  7993 | D:8      | Noticed Besmertnik's ghost (experienced KoBe)
  8010 | D:8      | Killed Besmertnik's ghost
  8010 | D:8      | Reached skill level 11 in Maces & Flails
  8010 | D:8      | Reached XP level 10. HP: 32/57 MP: 9/9
  8167 | D:8      | Found a staircase to the Orcish Mines.
  8355 | D:8      | Got a steaming hand axe
  8380 | D:8      | Identified the hand axe of Calej {flame, Str+2 Int+4} (You found it on level 8 of the Dungeon)
  8964 | D:9      | Found Aruloud's Jewellery Emporium.
  9017 | D:9      | Learned a level 2 spell: Blink
  9042 | D:9      | Killed from afar by a lava snake

Action                   |  1- 3 |  4- 6 |  7- 9 | 10-12 || total
-------------------------+-------+-------+-------+-------++-------
Melee: Mace              |    94 |    53 |       |       ||   147
       Flail             |       |    86 |   376 |       ||   462
       Morningstar       |       |       |   123 |    64 ||   187
 Fire: Blowgun           |       |       |     6 |       ||     6
Throw: Dart              |       |       |     2 |       ||     2
  Use: Scroll            |       |       |       |    10 ||    10
       Potion            |       |       |       |     1 ||     1
